 Dungeon Crawl Stone Soup version 0.31-a0-968-g24f9ace8b5 (webtiles) character file.

Game seed: 13143946545487054043

1135 Turgor the Changeling (level 8, 67/67 HPs)
             Began as a Black Draconian Shapeshifter on Oct 27, 2023.
             Was a Believer of the Shining One.
             Quit the game on level 5 of the Dungeon.
             The game lasted 00:11:48 (4011 turns).

Turgor the Changeling (DrSh)                        Turns: 4011, Time: 00:11:48

Health: 67/67      AC:  6    Str: 17    XL:     8   Next: 14%
Magic:  10/10      EV: 13    Int: 10    God:    the Shining One [**....]
Gold:   141        SH:  0    Dex: 13    Spells: 7/7 levels left

rFire   . .          .
                       - Unarmed
rCold   . . .        (no shield)
rNeg    + . .        (body armour unavailable)
rPois   .            (helmet currently unavailable)
rElec   +            (cloak currently unavailable)
rCorr   +            (gloves currently unavailable)
SInv    .            (boots currently unavailable)
Will    .....        a - amulet of guardian spirit
Stlth   +            o - ring of resist corrosion
HPRegen 0.31/turn    (no ring)
MPRegen 0.12/turn

%: guardian spirit
@: beast-form, glowing
A: beast (slay +3), breathe lightning, AC +6, unfitting armour, electricity
resistance, cold-blooded
a: Breathe Lightning, Begin Untransformation, Renounce Religion, Divine Shield


You were on level 5 of the Dungeon.
You worshipped the Shining One.
The Shining One was pleased with you.
You were a hulking beast.
You visited 1 branch of the dungeon, and saw 5 of its levels.

You collected 345 gold pieces.
You spent 204 gold pieces at shops.

Inventory:

Missiles
 n - 4 poisoned darts (quivered)
Jewellery
 a - an amulet of guardian spirit (around neck)
 o - a ring of resist corrosion (left hand)
 u - an amulet of faith
Talismans
 b - a beast talisman
 c - a flux talisman
Wands
 e - a wand of roots (8)
Scrolls
 h - a scroll of torment {unknown}
 i - a scroll of fog {unknown}
 l - a scroll of silence {unknown}
 m - a scroll of blinking {unknown}
 p - a scroll of immolation {unknown}
 q - 2 scrolls of poison
 s - a scroll of revelation {unknown}
 v - 2 scrolls of identify
 w - a scroll of teleportation
 x - a scroll of amnesia
Potions
 d - 3 potions of curing
 f - a potion of might
 g - 2 potions of brilliance
 j - a potion of attraction
 k - a potion of ambrosia
 t - a potion of haste


   Skills:
 + Level 4.3 Fighting
 + Level 4.0 Dodging
 + Level 4.8 Unarmed Combat
 + Level 3.8 Invocations
 * Level 5.9 Shapeshifting


You had 7 spell levels left.
You didn't know any spells.
Your spell library contained the following spells:

 Spells                   Type           Power      Damage    Failure   Level
 Foxfire                  Conj/Fire      0%         2x1d4     36%         1
 Kiss of Death            Conj/Necr      0%         2d5       36%         1
 Sandblast                Erth           0%         2d4       36%         1
 Slow                     Hex            0%         N/A       36%         1
 Lesser Beckoning         Tloc           0%         N/A       50%         2
 Passwall                 Tmut/Erth      0%         N/A       50%         2
 Scorch                   Fire           0%         2d5       50%         2
 Confusing Touch          Hex            0%         N/A       75%         3
 Gell's Gravitas          Tloc           0%         N/A       75%         3
 Sigil of Binding         Hex            0%         N/A       75%         3
 Stone Arrow              Conj/Erth      0%         3d7       75%         3
 Teleport Other           Tloc           0%         N/A       75%         3
 Vampiric Draining        Necr           0%         2d6       75%         3
 Brom's Barrelling Bould  Conj/Erth      0%         2d3       98%         4
 Dispel Undead            Necr           0%         3d6       98%         4
 Flame Wave               Conj/Fire      0%         2d4       98%         4
 Plasma Beam              Fire/Air       0%         2x1d10    100%        6
 Starburst                Conj/Fire      0%         6d3       100%        6
 Summon Cactus Giant      Summ           0%         N/A       100%        6


Dungeon Overview and Level Annotations

Branches:
Dungeon (5/15)
 Temple: D:4-7

Altars:
Gozag
The Shining One

Shops:
D:3 *   D:5 ?


Innate Abilities, Weirdness & Mutations

You are a hulking beast.
Your limbs bulge with bestial killing power. (Slay +3)
You can breathe wild blasts of lightning.
Your glossy black scales are hard. (AC +6)
You cannot fit into any form of body armour.
You are resistant to electric shocks. (rElec)
You are cold-blooded and may be slowed by cold attacks.


Message History

You hit the orc.
You kill the orc!
The orc closely misses you. The orc hits you with a +0 hand axe.
You punch the orc!
You kill the orc!
The orc completely misses you.
You hit the orc.
The orc is almost dead.
The orc hits you with a +0 flail.
You hit the orc but do no damage.
The orc is almost dead.
The orc closely misses you.
You hit the orc but do no damage. You tail-slap the orc.
You kill the orc!
d - 3 potions of curing (gained 1)
Things that are here:
a +0 glaive; a +0 ring mail; an orc corpse
Things that are here:
a +0 flail; a +0 chain mail
Things that are here:
a +0 glaive; a +0 ring mail; an orc corpse
Things that are here:
a +0 hand axe; a +0 leather armour; an orc corpse You now have 141 gold pieces (gained 16).
Items here: ))) [[[ †††.
Magic restored.
Found a dagger.
Found a roughly hewn altar of Beogh.
Found a book of Fire.
There is a broken door here.
g - 2 potions of brilliance (gained 1)
You pick up a book of Geomancy and begin reading...
You add the spells Sandblast, Passwall, Stone Arrow and Brom's Barrelling Boulder to your library.
There is a roughly hewn altar of Beogh here.
You see here a +0 dagger.
You pick up a book of Fire and begin reading...
You add the spells Foxfire, Plasma Beam and Starburst to your library.
Okay, then.
Unknown command.
Unknown command.
Are you sure you want to abandon this character and quit the game? (Confirm with "yes".)

#.8...8.#......#...#...
#.......#..##.###......
#.......#..#..####.....
#.......#####..........
#.......####.......#...
#.88.88.#<....###.≈≈.(.
####'####......##..~≈..
#####...###.....###.##~≈.
#.##.._)h###..........#..
#.##########......##..#..
##..#....##........#...≈≈
##............##.#≈.....
##............#.#≈≈....
#.....#......#..≈.....
##....#......#........
###.....(...#........
##.................


There were no monsters in sight!

Vanquished Creatures
  Prince Ribbit (D:5)
  Menkaure (D:5)
  An orc warrior (D:5)
  A centaur (D:5)
  2 phantoms
  A scorpion (D:5)
  A jelly (D:3)
  An orc priest (D:5)
  A hound (D:5)
  3 iguanas
  Terence (D:3)
  3 orc wizards (D:5)
  5 adders
  2 ufetubi (D:5)
  3 dart slugs
  A worm (D:2)
  24 orcs
  9 ball pythons
  6 endoplasms
  3 goblins
  6 hobgoblins
  5 quokkas
  7 bats
  3 frilled lizards
  3 kobolds
  3 rats
97 creatures vanquished.

Notes
Turn   | Place    | Note
-------+----------+-------------------------------------------
     0 | D:1      | Turgor the Draconian Shapeshifter began the quest for the
                  | Orb.
     0 | D:1      | Reached XP level 1. HP: 16/16 MP: 1/1
   413 | D:1      | Reached XP level 2. HP: 23/23 MP: 2/2
   434 | D:1      | Found a faded altar of an unknown god.
   453 | D:1      | Prayed at the altar of an unknown god.
   453 | D:1      | Became a worshipper of the Shining One
   453 | D:1      | Reached * piety under the Shining One
   907 | D:2      | Reached XP level 3. HP: 25/29 MP: 3/3
  1403 | D:3      | Identified the +1 robe of Tenacity {+Blink rC+ rN+}
  1421 | D:3      | Noticed Terence
  1433 | D:3      | Killed Terence
  1434 | D:3      | Reached skill level 1 in Invocations
  1434 | D:3      | Reached XP level 4. HP: 31/36 MP: 4/4
  1868 | D:3      | Found Gozag's Platinum Reserve.
  1877 | D:3      | Found an opulent altar of Gozag.
  2116 | D:4      | Reached skill level 4 in Shapeshifting
  2116 | D:4      | Reached XP level 5. HP: 41/41 MP: 6/6
  2201 | D:4      | Noticed a phantom
  2210 | D:4      | Killed a phantom
  2260 | D:4      | Reached ** piety under the Shining One
  2442 | D:4      | Reached XP level 6. HP: 36/50 MP: 7/7
  2985 | D:5      | Entered Level 5 of the Dungeon
  3026 | D:5      | Noticed Menkaure
  3041 | D:5      | Killed Menkaure
  3102 | D:5      | Found Geduguuth's Magic Scroll Emporium.
  3108 | D:5      | Found a runed translucent door.
  3109 | D:5      | Bought 3 scrolls of identify for 72 gold pieces
  3109 | D:5      | Bought a scroll of teleportation for 36 gold pieces
  3109 | D:5      | Bought a scroll of amnesia for 48 gold pieces
  3109 | D:5      | Bought a scroll of poison for 48 gold pieces
  3258 | D:5      | Noticed Prince Ribbit
  3272 | D:5      | Reached skill level 5 in Shapeshifting
  3272 | D:5      | Your scales start taking on a glossy black colour.
  3272 | D:5      | Reached XP level 7. HP: 57/57 MP: 9/9
  3272 | D:5      | Gained mutation: You are resistant to electric shocks.
                  | (rElec) [Black Draconian growth]
  3281 | D:5      | Killed Prince Ribbit
  3720 | D:5      | Reached XP level 8. HP: 34/66 MP: 6/10
  4011 | D:5      | Quit the game

Illustrated notes

Levels and vault maps discovered:
D:1:      dpeg_arrival_chambers_temple_mockup, layout_basic,
          ebering_ecumenical_altar_box
D:2:      layout_rooms
D:3:      layout_loops_cross, nicolae_gozag_zags_fifth_avenue,
          hangedman_decor_diamond_cutter, minmay_splitting_lines, uniq_terence
D:4:      layout_gridville
D:5:      layout_cave_pools, serial_shops, shop, chequers_serial_rivers_small_b,
          lightli_church_of_beogh, uniq_prince_ribbit1, uniq_menkaure

Skill      XL: |  1  2  3  4  5  6  7  8 |
---------------+-------------------------+-----
Dodging        | 2 3 4 |  4.0
Fighting       | 2 3 4 |  4.3
Invocations    | 1 2 3 |  3.8
Shapeshifting  | 4 5 |  5.9
Unarmed Combat | 4 |  4.8

Action                     |  1- 3 |  4- 6 |  7- 9 || total
---------------------------+-------+-------+-------++-------
  Melee: Unarmed           |   100 |    79 |    85 ||   264
         Tailslap          |    14 |    10 |    13 ||    37
         Punch             |     2 |     3 |     5 ||    10
    Use: Scroll            |     5 |     3 |       ||     8
         Potion            |       |     3 |     1 ||     4
 Armour: Skin              |    33 |    88 |    57 ||   178
  Dodge: Dodged            |    60 |    32 |    45 ||   137

Table legend: (Time is in decaauts)
 A = Elapsed time spent in this place.
 B = Non-inter-level travel time spent in this place.
 C = Inter-level travel time spent in this place.
 D = Time resting spent in this place.
 E = Time spent auto-exploring this place.
 F = Levels seen in this place.
 G = Mean time per level.
                   A        B        C        D        E       F      G
               +--------+--------+--------+--------+--------+-----+--------+
         Total |   3994 |   3879 |    115 |    120 |   3141 |   5 |  798.8 |
       Dungeon |   3994 |   3879 |    115 |    120 |   3141 |   5 |  798.8 |
               +--------+--------+--------+--------+--------+-----+--------+

Top non-repeatable levels by time:
     D:5: 1015 daAuts
     D:4: 871 daAuts
     D:1: 833 daAuts
     D:3: 770 daAuts
     D:2: 503 daAuts
